 Dungeon Crawl Stone Soup version 0.30-a0-330-g8f2769a82d (webtiles) character file.

Game seed: 1723161305313048353

36 Engwar the Insei (level 3, 0/34 HPs)
             Began as an Octopode Transmuter on Oct 29, 2022.
             Slain by Terence
             ... wielding a +2 short sword of protection
              (2 damage)
             ... on level 2 of the Dungeon.
             The game lasted 00:02:04 (868 turns).

Engwar the Insei (Octopode Transmuter)               Turns: 868, Time: 00:02:05

Health: 0/34       AC: 21    Str:  9    XL:     3   Next: 37%
Magic:  2/6        EV:  2    Int: 17    God:
Gold:   44         SH:  0    Dex: 12    Spells: 0/6 levels left

rFire   . . .      SeeInvis .      - Unarmed
rCold   . . .      Faith    .    (no shield)
rNeg    . . .      Spirit   .    (helmet currently unavailable)
rPois   +          Reflect  .    (no amulet)
rElec   .          Harm     .    (no ring)
rCorr   .          Rampage  .    (no ring)
Will    .....      NoTele   +    (no ring)
Stlth   ++........               (no ring)
HPRegen 0.25/turn                (no ring)
MPRegen 0.10/turn                (no ring)
                                 (no ring)
                                 (no ring)

@: tree-form
A: stationary, stasis, torment immunity, boosted hp, almost no armour,
(amphibious), 8 rings, (camouflage 1), (gelatinous body 1), (nimble swimmer 1),
(tentacles)
a: no special abilities


You were on level 2 of the Dungeon.
You were a tree.
You visited 1 branch of the dungeon, and saw 2 of its levels.

You collected 44 gold pieces.

You aren't carrying anything.


   Skills:
 - Level 1.0 Fighting
 - Level 2.0 Dodging
 - Level 3.0 Stealth
 + Level 3.3 Unarmed Combat
 - Level 2.0 Spellcasting
 + Level 2.4 Transmutations
 + Level 0.0 Poison Magic


You couldn't memorise any spells.
You knew the following spells:

 Your Spells              Type           Power      Damage    Failure   Level
a - Beastly Appendage     Tmut           20%        N/A       7%          1
b - Wereblood             Tmut           10%        N/A       11%         2
c - Spider Form           Tmut/Pois      5%         N/A       34%         3

Your spell library contained the following spells:

 Spells                   Type           Power      Damage    Failure   Level
 Ice Form                 Ice/Tmut       5%         N/A       75%         4


Dungeon Overview and Level Annotations

Branches:
Dungeon (2/15)

Altars:

Annotations:
D:2 Terence


Innate Abilities, Weirdness & Mutations

You are a tree.
Your roots penetrate the ground, keeping you stationary.
You cannot be teleported.
You are immune to unholy pain and torment.
Your maximum health is greatly increased.
You cannot wear most types of armour.
((You are amphibious.))
You can wear up to eight rings at the same time.
((Your skin changes colour to match your surroundings (Stealth+).))
((Your rubbery body absorbs attacks. (AC +1, EV +1)))
((You are camouflaged when in or above water. (Stealth+)))
((You have tentacles for arms and can constrict up to eight enemies at once.))


Message History

You turn into a tree.
Your roots penetrate the ground.
You lose your grip on Terence.
Terence hits you but does no damage.
You hit Terence but do no damage.
Terence is lightly wounded.
Terence hits you with a +2 short sword of protection.
* * * LOW HITPOINT WARNING * * *
You hit Terence but do no damage.
Terence is lightly wounded.
Terence barely misses you.
You hit Terence but do no damage.
Terence is lightly wounded.
Terence hits you but does no damage.
You hit Terence but do no damage.
Terence is lightly wounded.
Terence hits you but does no damage.
You hit Terence.
Terence is moderately wounded.
Terence hits you but does no damage.
You hit Terence.
Terence is moderately wounded.
Terence hits you but does no damage.
Your magical contamination has completely faded away.
You hit Terence but do no damage. You punch Terence, but do no damage.
Terence is moderately wounded.
Terence barely misses you.
You hit Terence but do no damage.
Terence is moderately wounded.
Terence says, "Rest in peace."
Terence hits you with a +2 short sword of protection.
* * * LOW HITPOINT WARNING * * *
You smack Terence!
Terence is severely wounded.
Terence hits you with a +2 short sword of protection.
* * * LOW HITPOINT WARNING * * *
You hit Terence but do no damage.
Terence is severely wounded.
You barely miss Terence.
Terence is severely wounded.
Terence hits you with a +2 short sword of protection.
You die...

*,,,,,,,* #.......# #.......#
#.......# #.......##############
***#....................#
**,,........#*#..........####
***,,,......†.###.............#
*,,,*+*,,,*,#..@♣........)....#
*,***,**,,*,##.##........<....#
,,**,,*****,,####.............#
,**,,,,,,,,,,,*#.####........)###
,,,,,⌠,,>,,⌠,,,+.,...............
***,,,,,,,,,,,*##......#..##.....
**,,*****,,**,.......##.#*.....
**,* *,****............,.... *,*
**,* *,....#.......,....


You could see Terence.

Vanquished Creatures
  A worm (D:2)
  2 dart slugs (D:1)
  2 bats
  2 endoplasms (D:1)
  A giant cockroach (D:1)
  2 hobgoblins (D:1)
  3 quokkas (D:1)
  5 ball pythons (D:1)
  3 frilled lizards (D:1)
  2 goblins
  2 kobolds (D:1)
  4 rats (D:1)
29 creatures vanquished.

Notes
Turn   | Place    | Note
-------+----------+-------------------------------------------
     0 | D:1      | Engwar the Octopode Transmuter began the quest for the Orb.
     0 | D:1      | Reached XP level 1. HP: 13/13 MP: 3/3
    48 | D:1      | Reached skill level 1 in Stealth
   121 | D:1      | Reached XP level 2. HP: 13/18 MP: 5/5
   124 | D:1      | Learned a level 2 spell: Wereblood
   256 | D:1      | Found a faded altar of an unknown god.
   459 | D:1      | Reached XP level 3. HP: 13/23 MP: 6/6
   463 | D:1      | Learned a level 3 spell: Spider Form
   844 | D:2      | Noticed Terence
   855 | D:2      | HP: 1/23 [Terence/+2 short sword of protection (6)]
   866 | D:2      | HP: 1/34 [Terence/+2 short sword of protection (1)]
   868 | D:2      | Slain by Terence

Illustrated notes

Levels and vault maps discovered:
D:1:      wander_arrival_lonely_grave, layout_basic,
          shapermc_ecumenical_altar_hornbeckon, grunt_decor_cap
D:2:      layout_rooms, grunt_ministairs_15, minmay_pentomino_s2, uniq_terence

Skill      XL: |  1  2  3 |
---------------+----------+-----
Stealth        | 1 2 3 |  3.0
Fighting       | |  1.0
Dodging        | |  2.0
Unarmed Combat | |  3.3
Spellcasting   | |  2.0
Transmutations | |  2.4

Action                   || total
-------------------------++-------
Melee: Unarmed           ||    72
       Tentacles         ||    18
       Constrict         ||    16
       Punch             ||     2
       Kick              ||     1
 Cast: Beastly Appendage ||     1
  Use: Scroll            ||     3
       Potion            ||     2
 Stab: Sleeping          ||     7
Armor: Skin              ||     5
Dodge: Dodged            ||    38

Table legend: (Time is in decaauts)
 A = Elapsed time spent in this place.
 B = Non-inter-level travel time spent in this place.
 C = Inter-level travel time spent in this place.
 D = Time resting spent in this place.
 E = Time spent auto-exploring this place.
 F = Levels seen in this place.
 G = Mean time per level.
                   A        B        C        D        E       F      G
               +--------+--------+--------+--------+--------+-----+--------+
         Total |    863 |    836 |     27 |      0 |    640 |   2 |  431.5 |
       Dungeon |    863 |    836 |     27 |      0 |    640 |   2 |  431.5 |
               +--------+--------+--------+--------+--------+-----+--------+

Top non-repeatable levels by time:
     D:1: 815 daAuts
     D:2: 47 daAuts
